 Dungeon Crawl Stone Soup version 0.31.0-9-g3a7656b989 (console) character file.

Game seed: 3952423790630368324

1782 AlterAsc the Cleaver (level 9, -2/64 HPs)
             Began as a Formicid Fighter on Jan 27, 2024.
             Killed from afar by a steam dragon (23 damage)
             ... with a ball of steam
             ... on level 6 of the Dungeon.
             The game lasted 00:09:26 (4875 turns).

AlterAsc the Cleaver (Formicid Fighter)             Turns: 4875, Time: 00:09:26

Health: -2/64      AC: 14    Str: 24    XL:     9   Next: 29%
Magic:  9/9        EV:  8    Int:  9    God:
Gold:   228        SH:  5    Dex: 13    Spells: 8/8 levels left

rFire   . . .        b - +1 war axe (venom)
rCold   . . .        c - +0 buckler
rNeg    + . .        q - +0 chain mail
rPois   .            (helmet unavailable)
rElec   .            (no cloak)
rCorr   .            g - +0 pair of gloves
SInv    +            (no boots)
Will    .....        t - amulet of Haliy {Faith rN+} Stlth
                     s - +4 ring of protection
HPRegen 0.30/turn    (no ring)
MPRegen 0.11/turn

%: faith
@: no status effects
A: permanent stasis, dig shafts and tunnels, antennae 3, four strong arms
a: Dig, Shaft Self


You were on level 6 of the Dungeon.
You visited 2 branches of the dungeon, and saw 7 of its levels.

You collected 228 gold pieces.

Inventory:

Hand Weapons
 a - a +0 war axe
 b - a +1 war axe of venom (weapon)
 A - the +1 spear of the Baleful God {holy, rCorr Dex+2}
   (You found it on level 5 of the Dungeon)

   Dex+2:     It affects your dexterity (+2).
   rCorr:     It protects you from acid and corrosion.
Missiles
 l - 7 boomerangs
 m - 16 poisoned darts
Armour
 c - a +0 buckler (worn)
 g - a +0 pair of gloves (worn)
 q - a +0 chain mail (worn)
 w - a +2 ring mail of willpower
Jewellery
 s - a +4 ring of protection (left hand)
 t - the amulet of Haliy (around neck) {Faith rN+}
   (You found it on level 4 of the Dungeon)

   [amulet of faith]

   Faith:     It allows you to gain divine favour quickly.
   rN+:       It protects you from negative energy.
 z - an amulet of guardian spirit
Wands
 x - a wand of acid (3)
Scrolls
 e - a scroll of immolation
 i - a scroll of poison {unknown}
 k - 4 scrolls of fear {unknown}
 n - a scroll of teleportation {unknown}
 o - 2 scrolls of noise {unknown}
 p - 3 scrolls of amnesia {unknown}
 r - a scroll of acquirement {unknown}
 u - a scroll of summoning {unknown}
 y - 2 scrolls of identify {unknown}
Potions
 d - a potion of might
 f - 2 potions of magic {unknown}
 h - a potion of cancellation {unknown}
 j - 2 potions of lignification {unknown}
 v - a potion of mutation {unknown}
 B - a potion of curing


   Skills:
 - Level 3.2 Fighting
 + Level 11.5 Axes
 - Level 3.2 Armour
 - Level 4.0 Shields


You had 8 spell levels left.
You didn't know any spells.
Your spell library contained the following spells:

 Spells                   Type           Power      Damage    Failure   Level
 Foxfire                  Conj/Fire      0%         2x1d4     95%         1
 Plasma Beam              Fire/Air       0%         2x1d10    100%        6
 Starburst                Conj/Fire      0%         6d3       100%        6


Dungeon Overview and Level Annotations

Branches:
Dungeon (6/15)             Temple (1/1) D:4

Altars:
Ashenzari
Cheibriados
Dithmenos
Elyvilon
Fedhas
Gozag
Hepliaklqana
Kikubaaqudgha
Makhleb
Nemelex Xobeh
Ru
Sif Muna
Trog
Uskayaw
Vehumet
Wu Jian
Xom
Yredelemnul
Zin
The Shining One

Annotations:
D:2 1 runed translucent door, Crazy Yiuf
D:4 1 runed translucent door, zfabert001's ghost, amateur OnGl


Innate Abilities, Weirdness & Mutations

You cannot be hasted, slowed, berserked, paralysed or teleported.
You can dig through walls and to a lower floor.
You have a pair of large antennae on your head. (SInv)
Your four strong arms can wield two-handed weapons with a shield.


Message History

The steam dragon breathes steam at you. The ball of steam hits you!
You hear an angry hiss.
You are engulfed in a cloud of scalding steam.
You hit the steam dragon.
The steam dragon is poisoned.
The steam dragon is lightly wounded.
The steam dragon closely misses you.
The steam dragon claws you but does no damage.
You barely miss the steam dragon.
The steam dragon is lightly wounded.
The steam dragon bites you. You block the steam dragon's attack.
You hit the steam dragon but do no damage.
The steam dragon looks as sick as possible!
The steam dragon is lightly wounded.
The steam dragon breathes steam at you. The ball of steam hits you!
You hit the steam dragon but do no damage.
The steam dragon is moderately wounded.
You are engulfed in a cloud of scalding steam.
The steam dragon barely misses you. You block the steam dragon's attack.
You block the steam dragon's attack.
The steam dragon claws you but does no damage.
You barely miss the steam dragon.
The steam dragon is heavily wounded.
The steam dragon bites you but does no damage.
You block the steam dragon's attack.
You hit the steam dragon.
The steam dragon looks as sick as possible!
The steam dragon is severely wounded.
The steam dragon closely misses you.
The steam dragon claws you but does no damage.
You closely miss the steam dragon.
The steam dragon is severely wounded.
The steam dragon bites you.
The steam dragon claws you but does no damage.
You barely miss the steam dragon.
The steam dragon is severely wounded.
The steam dragon breathes steam at you. The ball of steam hits you!!
You die...

#####.####.#....#
#.......
#.......##########.......
#..###### #...........
####..# #...........
#.....# #.......####
#.##..# ###.......#
#.###.# ###.........#
#.....# ##...#########
####### ##..### ##.§##
#.@D# ##.## ... .....
#~.8..# #≈~...# ##≈≈~..
####~≈~


You could see a steam dragon (extremely poisoned, catching breath).

Vanquished Creatures
  Grinder (D:5)
  Sigmund (D:2)
  A steam dragon (D:6)
  Menkaure (D:5)
  A black bear (D:4)
  An ice beast (D:6)
  A centaur (D:6)
  Blork the orc (D:4)
  A phantom (D:6)
  2 scorpions (D:6)
  6 hounds
  A jelly (D:5)
  A gnoll bouda (D:6)
  A sleepcap (D:6)
  Natasha (thrice) (D:2)
  3 iguanas (D:5)
  An orc wizard (D:3)
  3 gnolls (D:6)
  8 adders
  A white imp (D:6)
  A ribbon worm (D:2)
  12 orcs
  7 ball pythons
  4 bats
  11 endoplasms
  7 giant cockroaches (D:1)
  3 goblins
  5 hobgoblins
  3 jackals (D:1)
  3 quokkas
  2 frilled lizards (D:2)
  8 kobolds
  9 rats
114 creatures vanquished.

Notes
Turn   | Place    | Note
-------+----------+-------------------------------------------
     0 | D:1      | AlterAsc the Formicid Fighter began the quest for the Orb.
     0 | D:1      | Reached XP level 1. HP: 18/18 MP: 1/1
     1 | D:1      | Found a runed translucent door.
    17 | D:1      | Reached XP level 2. HP: 17/24 MP: 2/2
    23 | D:1      | Reached skill level 3 in Axes
   101 | D:1      | Reached XP level 3. HP: 29/29 MP: 3/3
   106 | D:1      | Found a faded altar of an unknown god.
   662 | D:2      | Noticed Sigmund
   739 | D:2      | Noticed Natasha
   750 | D:2      | Killed Natasha
   751 | D:2      | Reached skill level 4 in Axes
   751 | D:2      | Reached XP level 4. HP: 17/35 MP: 4/4
   833 | D:2      | Noticed Natasha
   837 | D:2      | Killed Natasha
   838 | D:2      | Reached XP level 5. HP: 28/41 MP: 5/5
   999 | D:2      | Reached skill level 5 in Axes
  1009 | D:2      | Killed Sigmund
  1010 | D:2      | Reached skill level 6 in Axes
  1010 | D:2      | Reached XP level 6. HP: 24/47 MP: 6/6
  1351 | D:2      | Noticed Natasha
  1370 | D:2      | Killed Natasha
  1440 | D:2      | Found a runed translucent door.
  1441 | D:2      | Noticed Crazy Yiuf
  2049 | D:3      | Reached XP level 7. HP: 52/52 MP: 7/7
  2287 | D:4      | Noticed Blork the orc
  2290 | D:4      | Reached skill level 7 in Axes
  2306 | D:4      | Killed Blork the orc
  2670 | D:4      | Reached skill level 8 in Axes
  2756 | D:4      | Noticed zfabert001's ghost (amateur OnGl)
  2759 | D:4      | Found a runed translucent door.
  2848 | D:4      | Identified the amulet of Haliy {Faith rN+}
  3085 | D:4      | Found a staircase to the Ecumenical Temple.
  3091 | Temple   | Entered the Ecumenical Temple
  3233 | D:5      | Entered Level 5 of the Dungeon
  3324 | D:5      | Reached XP level 8. HP: 58/58 MP: 8/8
  3389 | D:5      | Found a bloodstained altar of Trog.
  3435 | D:5      | Noticed Menkaure
  3448 | D:5      | You fall into a shaft and drop 1 floor!
  3716 | D:6      | Reached skill level 9 in Axes
  3987 | D:5      | Identified the +1 spear of the Baleful God {holy, rCorr
                  | Dex+2}
  4144 | D:5      | Noticed Grinder
  4146 | D:5      | Killed Menkaure
  4147 | D:5      | Reached skill level 10 in Axes
  4164 | D:5      | Killed Grinder
  4165 | D:5      | Reached XP level 9. HP: 11/64 MP: 9/9
  4545 | D:6      | Reached skill level 11 in Axes
  4875 | D:6      | Killed from afar by a steam dragon

Illustrated notes

Levels and vault maps discovered:
D:1:      dpeg_arrival_caged_fury, layout_basic,
          hellmonk_ecumenical_altar_blasted
D:2:      layout_basic, uniq_crazy_yiuf_cottage, uniq_sigmund, uniq_natasha
D:3:      layout_basic
D:4:      layout_layer_cave, minmay_temple_entry_enclosed_plants,
          hellmonk_ghost_happy_afterlife, uniq_blork_the_orc
D:5:      layout_rooms, mainiacjoe_overflow_alcove_2, uniq_grinder,
          uniq_menkaure
D:6:      cheibrodos_steamvent, layout_basic, dreamdust_princess_corridor
Temple:   compressed_dpeg_triangle_lava_temple

Skill      XL: |  1  2  3  4  5  6  7  8  9 |
---------------+----------------------------+-----
Axes           | 3 4 6 8 10 11 | 11.5
Fighting       | |  3.2
Armour         | |  3.2
Shields        | |  4.0

Action                     |  1- 3 |  4- 6 |  7- 9 || total
---------------------------+-------+-------+-------++-------
  Melee: War axe           |    86 |   105 |   140 ||   331
         Spear             |       |       |    34 ||    34
Ability: Dig               |       |     1 |       ||     1
         Shaft Self        |       |       |     1 ||     1
    Use: Potion            |       |       |     4 ||     4
 Armour: Scale mail        |    68 |    62 |       ||   130
         Chain mail        |       |       |   158 ||   158
  Dodge: Dodged            |    41 |    35 |    59 ||   135
  Block: Buckler           |    21 |    29 |    34 ||    84
